Hurricanes vs Islanders

Created - 21 mars 2018 at 18:32

Goals
1 2 3 T
Hurricanes 1 1 0 2
Islanders 1 0 3 4
Shots
1 2 3 T
Hurricanes 12 5 6 23
Islanders 6 10 8 24

1st period

1. Islanders , Josh Jooris 4 (Josh Anderson 11, Chris Butler 1) at 15:08
2. Hurricanes , Nick Foligno 31 (Michael Frolik 33, Brett Pesce 29) at 18:55 (PP)

Penalties :
Luca Sbisa (NYI) for Tripping (Minor) at 2:49, Steven Santini (NYI) for Roughing (Minor) at 6:46, Chris Butler (NYI) for Roughing (Minor) at 18:09

2nd period

3. Hurricanes , Brett Pesce 5 (Leo Komarov 25, Zach Parise 21) at 1:19

Penalties :
Anthony Bitetto (CAR) for Roughing (Minor) at 1:22, Derek Ryan (CAR) for Roughing (Minor) at 11:05, Chris Butler (NYI) for Hooking (Minor) at 13:50, Erik Johnson (NYI) for Hooking (Minor) at 18:37

3rd period

4. Islanders , Matt Read 11 (Erik Johnson 18, Tyler Bozak 23) at 6:52
5. Islanders , Corey Perry 19 (Andy Greene 23) at 7:13
6. Islanders , Josh Jooris 5 (Luca Sbisa 12, Colin Wilson 20) at 9:04

Penalties :
Leo Komarov (CAR) for Tripping (Minor) at 9:59, Alex Chiasson (CAR) for Roughing (Minor) at 19:28

Goalie Stats

Frederik Andersen (CAR), 20 saves from 24 shots - (0.833), L, 32-21-5, 60:00 minutes
Ondrej Pavelec (NYI), 21 saves from 23 shots - (0.913), W, 7-8-3, 60:00 minutes

Players Stats for Hurricanes

Player Name              G  A  P  +/- PIM S  H  SB GA TA FO     MP     PP MP  PK MP  
------------------------------------------------------------------------------------
Alex Chiasson            0  0  0   0  2   0  2  1  0  0  0/2    13:29   0:00   0:00 
Anthony Bitetto          0  0  0  -2  2   0  3  1  0  0  0/0    12:44   0:00   0:00 
Brad Richardson          0  0  0   0  0   2  1  0  0  0  0/0    13:30   0:00   0:00 
Brett Pesce              1  1  2  -1  0   1  2  1  0  0  0/0    21:43   3:24   2:53 
Bryan Little             0  0  0  -2  0   0  0  1  0  0  14/31  25:02   4:42   3:38 
Carl Hagelin             0  0  0   0  0   0  0  0  0  0  0/0     1:14   0:14   1:00 
Derek Ryan               0  0  0   0  2   2  0  0  0  0  6/13   14:55   0:00   1:26 
Dustin Byfuglien         0  0  0   0  0   2  2  1  0  0  0/0    25:32   5:18   3:35 
Keith Yandle             0  0  0   0  0   0  1  0  0  0  0/0    25:32   5:18   3:35 
Lee Stempniak            0  0  0  -1  0   4  1  0  0  0  0/0    18:24   3:46   0:00 
Leo Komarov              0  1  1  -1  2   3  1  0  0  0  13/33  19:47   3:46   1:24 
Marcus Foligno           0  0  0   0  0   0  1  0  0  0  0/0     1:38   0:00   0:00 
Mathew Dumba             0  0  0  -1  0   1  2  2  0  0  0/0    21:43   3:24   2:53 
Michael Frolik           0  1  1  -2  0   1  1  0  0  0  0/0    19:46   4:42   0:00 
Nick Foligno             1  0  1  -2  0   4  5  0  0  0  1/2    25:16   4:56   3:38 
Patrick Wiercioch        0  0  0  -2  0   0  0  2  0  0  0/0    12:45   0:00   0:00 
Tom Pyatt                0  0  0   0  0   0  0  0  0  0  0/0     0:14   0:14   0:00 
Zach Parise              0  1  1  -1  0   3  4  0  0  0  0/0    20:14   3:46   1:50 

Players Stats for Islanders

Player Name              G  A  P  +/- PIM S  H  SB GA TA FO     MP     PP MP  PK MP  
------------------------------------------------------------------------------------
Andy Greene              0  1  1   2  0   1  0  2  0  0  0/0    26:10   2:44   4:30 
Bobby Ryan               0  0  0  -1  0   1  1  0  0  0  1/3    18:19   3:21   0:00 
Brian Boyle              0  0  0   1  0   1  1  0  0  0  2/3    16:20   3:05   2:45 
Brock McGinn             0  0  0   1  0   2  0  0  0  0  0/2     7:48   0:00   0:40 
Chris Butler             0  1  1   1  4   0  0  1  0  0  0/0    14:22   0:23   0:26 
Colin Wilson             0  1  1   2  0   0  1  0  0  0  0/0    12:16   0:02   0:00 
Corey Perry              1  0  1   1  0   3  2  0  0  0  1/1    18:52   3:05   5:17 
Erik Johnson             0  1  1   2  2   0  6  2  0  0  0/0    25:04   2:44   3:25 
Josh Anderson            0  1  1   2  0   2  0  0  0  0  1/1    13:24   0:00   1:10 
Josh Jooris              2  0  2   2  0   3  0  0  0  0  6/10   12:14   0:00   0:00 
Lars Eller               0  0  0  -1  0   2  0  0  0  0  17/26  18:27   3:21   0:08 
Luca Sbisa               0  1  1   0  2   0  4  2  0  0  0/0    18:48   3:21   3:05 
Mark Fayne               0  0  0   0  0   1  0  1  0  0  0/0    20:10   3:21   4:30 
Matt Read                1  0  1   1  0   1  0  0  0  0  0/1     7:08   0:00   0:00 
Patrick Sharp            0  0  0  -1  0   5  4  0  0  0  1/1    21:06   3:23   2:45 
Steven Santini           0  0  0   1  2   0  2  1  0  0  0/0    15:21   0:23   1:28 
Tyler Bozak              0  1  1   2  0   0  0  0  0  0  17/30  23:12   2:44   4:39 
Zack Kassian             0  0  0   0  0   2  0  0  0  0  1/3     2:12   0:23   0:00 

3 Stars

1 - Josh Jooris (NYI)
2 - Corey Perry (NYI)
3 - Erik Johnson (NYI)

Power Play

Hurricanes - 1 on 5 Attempt(s) - 20.00%
Islanders - 0 on 4 Attempt(s) - 0.00%

Penalty Kill

Hurricanes - 4 on 4 Attempt(s) - 100.00% - Score 0 goal in Penalty Kill
Islanders - 4 on 5 Attempt(s) - 80.00% - Score 0 goal in Penalty Kill

Team Stat

Hurricanes - Hits : 26 - Faceoff Wins : 34 - Blocked Shots : 9 - Penalty Minutes : 8
Islanders - Hits : 21 - Faceoff Wins : 47 - Blocked Shots : 9 - Penalty Minutes : 10

Official

Referees : Ian Walsh and Kelly Sutherland
Linesman : Ryan Gibbons and Brandon Gawryletz

Game Notes

No Game Note

Finance

Level 1 -- Attendance: 5519 (91.98%) -- Ticket Income 623 647 $
Level 2 -- Attendance: 4524 (90.48%) -- Ticket Income 352 872 $
Level 3 -- Attendance: 2000 (100.00%) -- Ticket Income 144 000 $
Level 4 -- Attendance: 1795 (100.00%) -- Ticket Income 91 545 $
Luxury Box -- Attendance: 900 (90.00%) -- Ticket Income 158 400 $
Game was played at the Barclays Center.
Total Attendance: 14738 (93.31%)
Total Ticket Income: 1 370 464 $
Other Income: 205 570 $
Total Income: 1 576 034 $

% Time on Ice - Hurricanes

Lines # - Real PCT - Wanted PCT - Time Play
Normal Forward
1 - 34% - 40% - 15:04
2 - 33% - 30% - 14:38
3 - 30% - 20% - 13:30
4 - 4% - 10% - 1:38
Normal Defense
1 - 37% - 40% - 16:39
2 - 34% - 30% - 15:26
3 - 28% - 20% - 12:45
4 - 0% - 10% - 0:00
PP Forward
1 - 57% - 60% - 4:56
2 - 43% - 40% - 3:46
PP Defense
1 - 61% - 60% - 5:18
2 - 39% - 40% - 3:24
PK Forward
1 - 72% - 60% - 4:38
2 - 28% - 40% - 1:50
PK Defense
1 - 55% - 60% - 3:35
2 - 45% - 40% - 2:53
PK3 Forward
1 - 0% - 60%
2 - 0% - 40%
PK3 Defense
1 - 0% - 60%
2 - 0% - 40%
44 Forward
1 - 0% - 60%
2 - 0% - 40%
44 Defense
1 - 0% - 60%
2 - 0% - 40%
Last Minute Offensive  - 0:00
Last Minute Defensive  - 0:00
Total
Forward - 60:00
Defense - 60:00

% Time on Ice - Islanders

Lines # - Real PCT - Wanted PCT - Time Play
Normal Forward
1 - 23% - 40% - 10:30
2 - 33% - 30% - 14:58
3 - 27% - 20% - 12:14
4 - 16% - 10% - 7:08
Normal Defense
1 - 41% - 40% - 18:27
2 - 28% - 30% - 12:23
3 - 30% - 20% - 13:31
4 - 1% - 10% - 0:29
PP Forward
1 - 48% - 60% - 3:05
2 - 52% - 40% - 3:23
PP Defense
1 - 48% - 60% - 3:05
2 - 52% - 40% - 3:23
PK Forward
1 - 68% - 60% - 5:57
2 - 32% - 40% - 2:45
PK Defense
1 - 52% - 60% - 4:30
2 - 48% - 40% - 4:12
PK3 Forward
1 - 0% - 60%
2 - 0% - 40%
PK3 Defense
1 - 0% - 60%
2 - 0% - 40%
44 Forward
1 - 0% - 60%
2 - 0% - 40%
44 Defense
1 - 0% - 60%
2 - 0% - 40%
Last Minute Offensive  - 0:00
Last Minute Defensive  - 0:00
Total
Forward - 60:00
Defense - 60:00

Play by Play

1st period


0:01 of 1st period - Tyler Bozak wins face-off versus Bryan Little in neutral zone.
0:09 of 1st period - Andy Greene is hit by Dustin Byfuglien.
0:32 of 1st period - Shot by Michael Frolik.
0:32 of 1st period - Deflect By Nick Foligno.
0:32 of 1st period - Shot Misses the Net.
0:58 of 1st period - Icing by Brian Boyle.
0:59 of 1st period - Tyler Bozak wins face-off versus Derek Ryan in Islanders zone.
1:26 of 1st period - Shot by Patrick Sharp.
1:26 of 1st period - Shot Misses the Net.
1:28 of 1st period - Shot by Lars Eller.
1:28 of 1st period - Shot Blocked by Patrick Wiercioch.
1:36 of 1st period - Shot by Patrick Sharp.
1:36 of 1st period - Shot Misses the Net.
1:38 of 1st period - Shot by Lars Eller.
1:38 of 1st period - Shot Blocked by Anthony Bitetto.
1:53 of 1st period - Josh Jooris is hit by Anthony Bitetto.
2:03 of 1st period - Shot by Josh Jooris.
2:03 of 1st period - Deflect By Josh Anderson.
2:03 of 1st period - Stopped by Frederik Andersen without a rebound.
2:04 of 1st period - Tyler Bozak wins face-off versus Leo Komarov in Hurricanes zone.
2:22 of 1st period - Icing by Zach Parise.
2:23 of 1st period - Josh Jooris wins face-off versus Leo Komarov in Hurricanes zone.
2:23 of 1st period - Josh Jooris is hit by Mathew Dumba.
2:27 of 1st period - Shot by Colin Wilson.
2:27 of 1st period - Shot Blocked by Brett Pesce.
2:46 of 1st period - Shot by Leo Komarov.
2:46 of 1st period - Shot Misses the Net.
2:48 of 1st period - Shot by Leo Komarov.
2:48 of 1st period - Deflect By Lee Stempniak.
2:48 of 1st period - Stopped by Ondrej Pavelec without a rebound.
2:49 of 1st period - Bryan Little wins face-off versus Lars Eller in Islanders zone.
2:49 of 1st period - Minor Penalty to Luca Sbisa for Tripping.
2:50 of 1st period - Bryan Little wins face-off versus Tyler Bozak in Islanders zone.
3:00 of 1st period - Shot by Dustin Byfuglien.
3:00 of 1st period - Shot Misses the Net.
3:14 of 1st period - Shot by Nick Foligno.
3:14 of 1st period - Stopped by Ondrej Pavelec without a rebound.
3:15 of 1st period - Brian Boyle wins face-off versus Leo Komarov in Islanders zone.
3:49 of 1st period - Icing by Leo Komarov.
3:50 of 1st period - Brian Boyle wins face-off versus Leo Komarov in Hurricanes zone.
4:22 of 1st period - Shot by Nick Foligno.
4:22 of 1st period - Shot Blocked by Steven Santini.
4:50 of 1st period - Icing by Andy Greene.
4:51 of 1st period - Derek Ryan wins face-off versus Josh Jooris in Islanders zone.
4:52 of 1st period - Shot by Brad Richardson.
4:52 of 1st period - Stopped by Ondrej Pavelec without a rebound.
4:53 of 1st period - Lars Eller wins face-off versus Derek Ryan in Islanders zone.
5:00 of 1st period - Patrick Wiercioch is hit by Bobby Ryan and loses puck.
5:44 of 1st period - Leo Komarov is hit by Erik Johnson and loses puck.
5:47 of 1st period - Shot by Mathew Dumba.
5:47 of 1st period - Stopped by Ondrej Pavelec without a rebound.
5:48 of 1st period - Bryan Little wins face-off versus Josh Jooris in Islanders zone.
5:53 of 1st period - Shot by Michael Frolik.
5:53 of 1st period - Shot Blocked by Luca Sbisa.
6:13 of 1st period - Icing by Keith Yandle.
6:14 of 1st period - Nick Foligno wins face-off versus Tyler Bozak in Hurricanes zone.
6:19 of 1st period - Shot by Michael Frolik.
6:19 of 1st period - Shot Misses the Net.
6:25 of 1st period - Shot by Michael Frolik.
6:25 of 1st period - Stopped by Ondrej Pavelec without a rebound.
6:26 of 1st period - Tyler Bozak wins face-off versus Leo Komarov in Islanders zone.
6:45 of 1st period - Zach Parise is hit by Steven Santini and loses puck.
6:46 of 1st period - Minor Penalty to Steven Santini for Roughing.
6:47 of 1st period - Tyler Bozak wins face-off versus Bryan Little in Islanders zone.
7:38 of 1st period - Shot by Patrick Sharp.
7:38 of 1st period - Stopped by Frederik Andersen with a rebound.
7:45 of 1st period - Off-side.
7:46 of 1st period - Tyler Bozak wins face-off versus Leo Komarov in neutral zone.
7:46 of 1st period - Tyler Bozak is hit by Lee Stempniak.
7:59 of 1st period - Shot by Zach Parise.
7:59 of 1st period - Stopped by Ondrej Pavelec with a rebound.
8:01 of 1st period - Shot by Leo Komarov.
8:01 of 1st period - Shot Misses the Net.
8:03 of 1st period - Shot by Brett Pesce.
8:03 of 1st period - Shot Misses the Net.
8:05 of 1st period - Shot by Leo Komarov.
8:05 of 1st period - Stopped by Ondrej Pavelec without a rebound.
8:06 of 1st period - Tyler Bozak wins face-off versus Bryan Little in Islanders zone.
8:35 of 1st period - Shot by Dustin Byfuglien.
8:35 of 1st period - Shot Blocked by Erik Johnson.
9:43 of 1st period - Icing by Brett Pesce.
9:44 of 1st period - Tyler Bozak wins face-off versus Leo Komarov in Hurricanes zone.
10:07 of 1st period - Off-side.
10:08 of 1st period - Bryan Little wins face-off versus Lars Eller in neutral zone.
10:11 of 1st period - Erik Johnson is hit by Michael Frolik.
10:43 of 1st period - Icing by Erik Johnson.
10:44 of 1st period - Lars Eller wins face-off versus Derek Ryan in Islanders zone.
10:44 of 1st period - Lars Eller is hit by Alex Chiasson.
11:03 of 1st period - Off-side.
11:04 of 1st period - Tyler Bozak wins face-off versus Leo Komarov in neutral zone.
11:18 of 1st period - Shot by Lee Stempniak.
11:18 of 1st period - Stopped by Ondrej Pavelec with a rebound.
11:30 of 1st period - Shot by Leo Komarov.
11:30 of 1st period - Stopped by Ondrej Pavelec with a rebound.
11:35 of 1st period - Lee Stempniak is hit by Luca Sbisa.
11:56 of 1st period - Bryan Little is hit by Luca Sbisa and loses puck.
12:02 of 1st period - Michael Frolik is hit by Luca Sbisa and loses puck.
13:44 of 1st period - Josh Anderson is hit by Brett Pesce and loses puck.
13:53 of 1st period - Shot by Josh Anderson.
13:53 of 1st period - Stopped by Frederik Andersen with a rebound.
14:11 of 1st period - Shot by Zack Kassian.
14:11 of 1st period - Stopped by Frederik Andersen without a rebound.
14:12 of 1st period - Bryan Little wins face-off versus Lars Eller in Hurricanes zone.
14:28 of 1st period - Keith Yandle is hit by Erik Johnson and loses puck.
14:44 of 1st period - Icing by Andy Greene.
14:45 of 1st period - Leo Komarov wins face-off versus Lars Eller in Islanders zone.
14:45 of 1st period - Leo Komarov is hit by Erik Johnson.
14:51 of 1st period - Shot by Leo Komarov.
14:51 of 1st period - Stopped by Ondrej Pavelec without a rebound.
14:52 of 1st period - Leo Komarov wins face-off versus Josh Jooris in Islanders zone.
15:08 of 1st period - Shot by Josh Jooris.
15:08 of 1st period - Goal by Josh Jooris - Hurricanes : 0 - Islanders : 1.
15:09 of 1st period - Tyler Bozak wins face-off versus Bryan Little in neutral zone.
15:16 of 1st period - Shot by Matt Read.
15:16 of 1st period - Deflect By Tyler Bozak.
15:16 of 1st period - Shot Misses the Net.
15:18 of 1st period - Shot by Steven Santini.
15:18 of 1st period - Shot Misses the Net.
15:20 of 1st period - Shot by Brock McGinn.
15:20 of 1st period - Stopped by Frederik Andersen with a rebound.
15:25 of 1st period - Matt Read is hit by Keith Yandle and loses puck.
16:10 of 1st period - Shot by Josh Jooris.
16:10 of 1st period - Shot Misses the Net.
16:21 of 1st period - Icing by Dustin Byfuglien.
16:22 of 1st period - Lars Eller wins face-off versus Bryan Little in Hurricanes zone.
17:30 of 1st period - Brad Richardson is hit by Patrick Sharp and loses puck.
17:38 of 1st period - Icing by Brett Pesce.
17:39 of 1st period - Tyler Bozak wins face-off versus Derek Ryan in Hurricanes zone.
17:42 of 1st period - Shot by Corey Perry.
17:42 of 1st period - Shot Blocked by Mathew Dumba.
18:09 of 1st period - Minor Penalty to Chris Butler for Roughing.
18:10 of 1st period - Leo Komarov wins face-off versus Tyler Bozak in Islanders zone.
18:10 of 1st period - Zach Parise is hit by Luca Sbisa and loses puck.
18:55 of 1st period - Shot by Nick Foligno.
18:55 of 1st period - Goal by Nick Foligno - Hurricanes : 1 - Islanders : 1.
18:56 of 1st period - Josh Jooris wins face-off versus Alex Chiasson in neutral zone.
19:15 of 1st period - Shot by Brad Richardson.
19:15 of 1st period - Deflect By Derek Ryan.
19:15 of 1st period - Stopped by Ondrej Pavelec without a rebound.
19:16 of 1st period - Lars Eller wins face-off versus Bryan Little in Islanders zone.
19:25 of 1st period - Erik Johnson is hit by Marcus Foligno and loses puck.
19:38 of 1st period - Shot by Patrick Sharp.
19:38 of 1st period - Shot Misses the Net.
19:40 of 1st period - Shot by Erik Johnson.
19:40 of 1st period - Shot Blocked by Bryan Little.
Goals for this period are 1 for Hurricanes vs 1 for Islanders.
Shots for this period are 12 for Hurricanes vs 6 for Islanders.

2nd period


0:01 of 2nd period - Bryan Little wins face-off versus Tyler Bozak in neutral zone.
0:35 of 2nd period - Icing by Michael Frolik.
0:36 of 2nd period - Lars Eller wins face-off versus Bryan Little in Hurricanes zone.
0:49 of 2nd period - Shot by Bryan Little.
0:49 of 2nd period - Shot Blocked by Mark Fayne.
1:06 of 2nd period - Luca Sbisa is hit by Zach Parise and loses puck.
1:17 of 2nd period - Shot by Leo Komarov.
1:17 of 2nd period - Shot Misses the Net.
1:19 of 2nd period - Shot by Brett Pesce.
1:19 of 2nd period - Goal by Brett Pesce - Hurricanes : 2 - Islanders : 1.
1:20 of 2nd period - Josh Jooris wins face-off versus Derek Ryan in neutral zone.
1:22 of 2nd period - Minor Penalty to Anthony Bitetto for Roughing.
1:23 of 2nd period - Bryan Little wins face-off versus Tyler Bozak in Hurricanes zone.
1:39 of 2nd period - Corey Perry is hit by Mathew Dumba and loses puck.
4:19 of 2nd period - Icing by Mark Fayne.
4:20 of 2nd period - Derek Ryan wins face-off versus Zack Kassian in Islanders zone.
4:45 of 2nd period - Shot by Derek Ryan.
4:45 of 2nd period - Stopped by Ondrej Pavelec without a rebound.
4:46 of 2nd period - Bryan Little wins face-off versus Lars Eller in Islanders zone.
4:59 of 2nd period - Shot by Patrick Sharp.
4:59 of 2nd period - Shot Misses the Net.
5:20 of 2nd period - Michael Frolik is hit by Patrick Sharp and loses puck.
5:47 of 2nd period - Shot by Derek Ryan.
5:47 of 2nd period - Shot Misses the Net.
5:49 of 2nd period - Shot by Alex Chiasson.
5:49 of 2nd period - Shot Misses the Net.
6:41 of 2nd period - Zach Parise is hit by Colin Wilson and loses puck.
7:06 of 2nd period - Lee Stempniak is hit by Brian Boyle and loses puck.
7:12 of 2nd period - Lee Stempniak is hit by Erik Johnson and loses puck.
7:31 of 2nd period - Shot by Corey Perry.
7:31 of 2nd period - Shot Misses the Net.
7:35 of 2nd period - Shot by Corey Perry.
7:35 of 2nd period - Stopped by Frederik Andersen without a rebound.
7:36 of 2nd period - Bryan Little wins face-off versus Lars Eller in Hurricanes zone.
7:36 of 2nd period - Bryan Little is hit by Patrick Sharp.
7:48 of 2nd period - Shot by Nick Foligno.
7:48 of 2nd period - Stopped by Ondrej Pavelec with a rebound.
8:21 of 2nd period - Icing by Keith Yandle.
8:22 of 2nd period - Tyler Bozak wins face-off versus Bryan Little in Hurricanes zone.
8:35 of 2nd period - Shot by Corey Perry.
8:35 of 2nd period - Stopped by Frederik Andersen without a rebound.
8:36 of 2nd period - Leo Komarov wins face-off versus Tyler Bozak in Hurricanes zone.
8:42 of 2nd period - Icing by Lee Stempniak.
8:43 of 2nd period - Tyler Bozak wins face-off versus Leo Komarov in Hurricanes zone.
9:06 of 2nd period - Shot by Lee Stempniak.
9:06 of 2nd period - Stopped by Ondrej Pavelec without a rebound.
9:07 of 2nd period - Lars Eller wins face-off versus Derek Ryan in Islanders zone.
9:07 of 2nd period - Lars Eller is hit by Alex Chiasson.
9:19 of 2nd period - Shot by Patrick Sharp.
9:19 of 2nd period - Shot Misses the Net.
9:21 of 2nd period - Shot by Bobby Ryan.
9:21 of 2nd period - Stopped by Frederik Andersen without a rebound.
9:22 of 2nd period - Tyler Bozak wins face-off versus Leo Komarov in Hurricanes zone.
9:26 of 2nd period - Matt Read is hit by Brett Pesce and loses puck.
10:08 of 2nd period - Brock McGinn is hit by Nick Foligno and loses puck.
10:17 of 2nd period - Shot by Nick Foligno.
10:17 of 2nd period - Shot Blocked by Andy Greene.
11:05 of 2nd period - Minor Penalty to Derek Ryan for Roughing.
11:06 of 2nd period - Bryan Little wins face-off versus Bobby Ryan in Hurricanes zone.
11:23 of 2nd period - Shot by Bobby Ryan.
11:23 of 2nd period - Deflect By Patrick Sharp.
11:23 of 2nd period - Stopped by Frederik Andersen with a rebound.
11:25 of 2nd period - Shot by Mark Fayne.
11:25 of 2nd period - Stopped by Frederik Andersen without a rebound.
11:26 of 2nd period - Lars Eller wins face-off versus Bryan Little in Hurricanes zone.
11:31 of 2nd period - Shot by Lars Eller.
11:31 of 2nd period - Stopped by Frederik Andersen without a rebound.
11:32 of 2nd period - Bobby Ryan wins face-off versus Bryan Little in Hurricanes zone.
12:27 of 2nd period - Icing by Zack Kassian.
12:28 of 2nd period - Zack Kassian wins face-off versus Leo Komarov in Islanders zone.
12:35 of 2nd period - Shot by Brian Boyle.
12:35 of 2nd period - Shot Misses the Net.
12:37 of 2nd period - Shot by Zack Kassian.
12:37 of 2nd period - Stopped by Frederik Andersen without a rebound.
12:38 of 2nd period - Leo Komarov wins face-off versus Brian Boyle in Hurricanes zone.
12:38 of 2nd period - Leo Komarov is hit by Corey Perry.
12:55 of 2nd period - Off-side.
12:56 of 2nd period - Leo Komarov wins face-off versus Lars Eller in neutral zone.
12:59 of 2nd period - Mark Fayne is hit by Zach Parise and loses puck.
13:08 of 2nd period - Shot by Brad Richardson.
13:08 of 2nd period - Shot Blocked by Chris Butler.
13:50 of 2nd period - Minor Penalty to Chris Butler for Hooking.
13:51 of 2nd period - Bryan Little wins face-off versus Tyler Bozak in Islanders zone.
13:58 of 2nd period - Shot by Michael Frolik.
13:58 of 2nd period - Deflect By Bryan Little.
13:58 of 2nd period - Shot Misses the Net.
14:00 of 2nd period - Shot by Dustin Byfuglien.
14:00 of 2nd period - Shot Misses the Net.
14:30 of 2nd period - Shot by Patrick Sharp.
14:30 of 2nd period - Stopped by Frederik Andersen without a rebound.
14:31 of 2nd period - Leo Komarov wins face-off versus Tyler Bozak in Hurricanes zone.
15:55 of 2nd period - Alex Chiasson is hit by Steven Santini and loses puck.
16:18 of 2nd period - Shot by Patrick Sharp.
16:18 of 2nd period - Shot Misses the Net.
16:20 of 2nd period - Shot by Steven Santini.
16:20 of 2nd period - Shot Blocked by Patrick Wiercioch.
16:50 of 2nd period - Shot by Brock McGinn.
16:50 of 2nd period - Stopped by Frederik Andersen without a rebound.
16:51 of 2nd period - Josh Jooris wins face-off versus Leo Komarov in Hurricanes zone.
16:52 of 2nd period - Shot by Josh Anderson.
16:52 of 2nd period - Shot Misses the Net.
17:12 of 2nd period - Shot by Josh Jooris.
17:12 of 2nd period - Stopped by Frederik Andersen without a rebound.
17:13 of 2nd period - Bryan Little wins face-off versus Tyler Bozak in Hurricanes zone.
17:13 of 2nd period - Bryan Little is hit by Corey Perry.
17:19 of 2nd period - Shot by Nick Foligno.
17:19 of 2nd period - Stopped by Ondrej Pavelec with a rebound.
18:14 of 2nd period - Lars Eller is hit by Leo Komarov and loses puck.
18:28 of 2nd period - Lee Stempniak is hit by Erik Johnson.
18:37 of 2nd period - Minor Penalty to Erik Johnson for Hooking.
18:38 of 2nd period - Josh Anderson wins face-off versus Bryan Little in Islanders zone.
19:05 of 2nd period - Shot by Bryan Little.
19:05 of 2nd period - Shot Blocked by Luca Sbisa.
19:21 of 2nd period - Chris Butler is hit by Zach Parise.
Goals for this period are 1 for Hurricanes vs 0 for Islanders.
Shots for this period are 5 for Hurricanes vs 10 for Islanders.

3rd period


0:01 of 3rd period - Bryan Little wins face-off versus Tyler Bozak in neutral zone.
0:12 of 3rd period - Shot by Dustin Byfuglien.
0:12 of 3rd period - Stopped by Ondrej Pavelec without a rebound.
0:13 of 3rd period - Leo Komarov wins face-off versus Tyler Bozak in Islanders zone.
0:38 of 3rd period - Shot by Lee Stempniak.
0:38 of 3rd period - Stopped by Ondrej Pavelec without a rebound.
0:39 of 3rd period - Lars Eller wins face-off versus Bryan Little in Islanders zone.
0:39 of 3rd period - Erik Johnson is hit by Nick Foligno and loses puck.
0:45 of 3rd period - Andy Greene is hit by Nick Foligno and loses puck.
0:53 of 3rd period - Off-side.
0:54 of 3rd period - Josh Jooris wins face-off versus Leo Komarov in neutral zone.
1:48 of 3rd period - Icing by Michael Frolik.
1:49 of 3rd period - Tyler Bozak wins face-off versus Bryan Little in Hurricanes zone.
2:06 of 3rd period - Shot by Corey Perry.
2:06 of 3rd period - Shot Misses the Net.
2:08 of 3rd period - Shot by Andy Greene.
2:08 of 3rd period - Shot Misses the Net.
2:12 of 3rd period - Shot by Brian Boyle.
2:12 of 3rd period - Stopped by Frederik Andersen without a rebound.
2:13 of 3rd period - Derek Ryan wins face-off versus Lars Eller in Hurricanes zone.
2:55 of 3rd period - Shot by Zach Parise.
2:55 of 3rd period - Stopped by Ondrej Pavelec without a rebound.
2:56 of 3rd period - Tyler Bozak wins face-off versus Bryan Little in Islanders zone.
3:18 of 3rd period - Michael Frolik is hit by Erik Johnson and loses puck.
4:00 of 3rd period - Off-side.
4:01 of 3rd period - Lars Eller wins face-off versus Leo Komarov in neutral zone.
4:01 of 3rd period - Lars Eller is hit by Zach Parise.
4:05 of 3rd period - Shot by Patrick Sharp.
4:05 of 3rd period - Stopped by Frederik Andersen without a rebound.
4:06 of 3rd period - Lars Eller wins face-off versus Leo Komarov in Hurricanes zone.
4:14 of 3rd period - Icing by Brett Pesce.
4:15 of 3rd period - Josh Jooris wins face-off versus Leo Komarov in Hurricanes zone.
4:23 of 3rd period - Icing by Leo Komarov.
4:24 of 3rd period - Patrick Sharp wins face-off versus Leo Komarov in Hurricanes zone.
4:41 of 3rd period - Shot by Erik Johnson.
4:41 of 3rd period - Shot Misses the Net.
5:01 of 3rd period - Shot by Leo Komarov.
5:01 of 3rd period - Shot Blocked by Andy Greene.
5:33 of 3rd period - Shot by Brad Richardson.
5:33 of 3rd period - Shot Misses the Net.
5:41 of 3rd period - Shot by Corey Perry.
5:41 of 3rd period - Shot Misses the Net.
5:51 of 3rd period - Shot by Brian Boyle.
5:51 of 3rd period - Shot Blocked by Alex Chiasson.
6:23 of 3rd period - Colin Wilson is hit by Anthony Bitetto and loses puck.
6:52 of 3rd period - Shot by Matt Read.
6:52 of 3rd period - Goal by Matt Read - Hurricanes : 2 - Islanders : 2.
6:53 of 3rd period - Lars Eller wins face-off versus Leo Komarov in neutral zone.
7:05 of 3rd period - Off-side.
7:06 of 3rd period - Leo Komarov wins face-off versus Tyler Bozak in neutral zone.
7:13 of 3rd period - Shot by Corey Perry.
7:13 of 3rd period - Goal by Corey Perry - Hurricanes : 2 - Islanders : 3.
7:14 of 3rd period - Lars Eller wins face-off versus Leo Komarov in neutral zone.
8:25 of 3rd period - Shot by Bryan Little.
8:25 of 3rd period - Shot Misses the Net.
9:04 of 3rd period - Shot by Josh Jooris.
9:04 of 3rd period - Goal by Josh Jooris - Hurricanes : 2 - Islanders : 4.
9:05 of 3rd period - Lars Eller wins face-off versus Derek Ryan in neutral zone.
9:09 of 3rd period - Chris Butler is hit by Anthony Bitetto and loses puck.
9:20 of 3rd period - Shot by Alex Chiasson.
9:20 of 3rd period - Shot Misses the Net.
9:28 of 3rd period - Shot by Brad Richardson.
9:28 of 3rd period - Stopped by Ondrej Pavelec without a rebound.
9:29 of 3rd period - Leo Komarov wins face-off versus Brock McGinn in Islanders zone.
9:59 of 3rd period - Minor Penalty to Leo Komarov for Tripping.
10:00 of 3rd period - Bryan Little wins face-off versus Lars Eller in Hurricanes zone.
10:02 of 3rd period - Nick Foligno is hit by Patrick Sharp and loses puck.
11:02 of 3rd period - Shot by Erik Johnson.
11:02 of 3rd period - Shot Misses the Net.
11:04 of 3rd period - Shot by Andy Greene.
11:04 of 3rd period - Stopped by Frederik Andersen without a rebound.
11:05 of 3rd period - Derek Ryan wins face-off versus Tyler Bozak in Hurricanes zone.
12:20 of 3rd period - Icing by Anthony Bitetto.
12:21 of 3rd period - Lars Eller wins face-off versus Leo Komarov in Hurricanes zone.
12:41 of 3rd period - Icing by Mark Fayne.
12:42 of 3rd period - Lars Eller wins face-off versus Alex Chiasson in Islanders zone.
12:55 of 3rd period - Shot by Bobby Ryan.
12:55 of 3rd period - Shot Misses the Net.
13:21 of 3rd period - Shot by Josh Jooris.
13:21 of 3rd period - Shot Misses the Net.
13:23 of 3rd period - Shot by Colin Wilson.
13:23 of 3rd period - Shot Misses the Net.
13:25 of 3rd period - Shot by Josh Anderson.
13:25 of 3rd period - Shot Blocked by Mathew Dumba.
13:30 of 3rd period - Icing by Brad Richardson.
13:31 of 3rd period - Derek Ryan wins face-off versus Brock McGinn in Hurricanes zone.
13:52 of 3rd period - Shot by Tyler Bozak.
13:52 of 3rd period - Shot Misses the Net.
14:35 of 3rd period - Icing by Tyler Bozak.
14:36 of 3rd period - Leo Komarov wins face-off versus Matt Read in Islanders zone.
14:39 of 3rd period - Shot by Zach Parise.
14:39 of 3rd period - Shot Misses the Net.
14:48 of 3rd period - Shot by Anthony Bitetto.
14:48 of 3rd period - Shot Blocked by Erik Johnson.
15:02 of 3rd period - Shot by Zach Parise.
15:02 of 3rd period - Stopped by Ondrej Pavelec without a rebound.
15:03 of 3rd period - Lars Eller wins face-off versus Nick Foligno in Islanders zone.
15:34 of 3rd period - Shot by Bryan Little.
15:34 of 3rd period - Shot Misses the Net.
17:03 of 3rd period - Off-side.
17:04 of 3rd period - Tyler Bozak wins face-off versus Bryan Little in neutral zone.
17:27 of 3rd period - Shot by Bryan Little.
17:27 of 3rd period - Shot Misses the Net.
17:29 of 3rd period - Shot by Nick Foligno.
17:29 of 3rd period - Shot Misses the Net.
17:31 of 3rd period - Shot by Dustin Byfuglien.
17:31 of 3rd period - Stopped by Ondrej Pavelec without a rebound.
17:32 of 3rd period - Leo Komarov wins face-off versus Bobby Ryan in Islanders zone.
17:47 of 3rd period - Shot by Lars Eller.
17:47 of 3rd period - Stopped by Frederik Andersen without a rebound.
17:48 of 3rd period - Corey Perry wins face-off versus Bryan Little in Hurricanes zone.
18:29 of 3rd period - Erik Johnson is hit by Nick Foligno and loses puck.
18:33 of 3rd period - Icing by Andy Greene.
18:34 of 3rd period - Leo Komarov wins face-off versus Zack Kassian in Islanders zone.
18:59 of 3rd period - Shot by Patrick Sharp.
18:59 of 3rd period - Stopped by Frederik Andersen without a rebound.
19:00 of 3rd period - Derek Ryan wins face-off versus Josh Jooris in Hurricanes zone.
19:14 of 3rd period - Colin Wilson is hit by Brad Richardson and loses puck.
19:28 of 3rd period - Minor Penalty to Alex Chiasson for Roughing.
19:29 of 3rd period - Lars Eller wins face-off versus Bryan Little in Hurricanes zone.
19:29 of 3rd period - Lars Eller is hit by Dustin Byfuglien.
19:33 of 3rd period - Shot by Patrick Sharp.
19:33 of 3rd period - Shot Blocked by Dustin Byfuglien.
19:48 of 3rd period - Lars Eller is hit by Nick Foligno and loses puck.
Goals for this period are 0 for Hurricanes vs 3 for Islanders.
Shots for this period are 6 for Hurricanes vs 8 for Islanders.